 Dungeon Crawl Stone Soup version 0.23.2-1-ga50397a6bc (webtiles) character file.

Game seed: 4180521837750243722

188303 Lysie the Sharpshooter (level 17, -7/91 HPs)
             Began as a Spriggan Enchanter on May 8, 2019.
             Was a High Priest of Okawaru.
             Killed from afar by a deep elf knight (36 damage)
             ... with a shard of ice
             ... on level 3 of the Elven Halls on May 9, 2019.
             The game lasted 03:33:27 (47746 turns).

Lysie the Sharpshooter (Spriggan Enchanter)        Turns: 47746, Time: 03:33:27

Health: -7/91      AC:  9    Str:  2    XL:     17   Next: 90%
Magic:  31/34      EV: 18    Int: 23    God:    Okawaru [*****.]
Gold:   2887       SH:  5    Dex: 17    Spells: 9/41 levels left

rFire    + . .     SeeInvis +   x - +3 triple crossbow (freeze)
rCold    . . .     Gourm    .   (shield currently unavailable)
rNeg     . . .     Faith    .   U - +2 robe {Archmagi}
rPois    .         Spirit   .   L - +2 hat
rElec    .         Reflect  +   z - +2 cloak {MR+}
rCorr    .         Harm     .   (gloves unavailable)
MR       +++..                  (boots unavailable)
Stlth    ++++++....             k - +5 amulet of reflection
HPRegen  0.00/turn              T - ring of stealth
MPRegen  0.24/turn              n - ring of protection from fire

@: lightly drained, very quick
A: very small, unfitting armour, see invisible, herbivore, speed 3, inhibited
regeneration, slow metabolism 2, weak 1
a: Heroism, Finesse, Renounce Religion


You were on level 3 of the Elven Halls.
You worshipped Okawaru.
Okawaru was extremely pleased with you.
You were not hungry.

You visited 5 branches of the dungeon, and saw 27 of its levels.
You also visited: Bailey and Ice Cave.

You collected 3151 gold pieces.
You spent 264 gold pieces at shops.

Inventory:

Hand Weapons
 j - the +8 dagger of Megalomania {drain, Stlth+}
   (Okawaru gifted it to you on level 2 of the Orcish Mines)

   A truly terrible weapon, it drains the life of those it strikes.
   It makes you more stealthy.
 x - a +3 triple crossbow of freezing (weapon)
 N - the +4 quick blade "Xies" {freeze, Str+4 Int+4}
   (Okawaru gifted it to you on level 3 of the Lair of Beasts)

   It has been specially enchanted to freeze those struck by it, causing extra
   injury to most foes and up to half again as much damage against particularly
   susceptible opponents.
   It can also slow down cold-blooded creatures.
   It affects your strength (+4).
   It affects your intelligence (+4).
Missiles
 m - 392 bolts (quivered)
 G - a throwing net
Armour
 l - a +3 troll leather armour
 o - a scarf of repulsion
 p - the +0 buckler "Ackuwol" {rElec Str+7 Int-2 Slay-3}
   (You acquired it on level 1 of the Elven Halls)

   It affects your strength (+7).
   It affects your intelligence (-2).
   It affects your accuracy and damage with ranged weapons and melee attacks
   (-3).
   It insulates you from electricity.
 t - a +2 robe of fire resistance
 z - a +2 cloak of magic resistance (worn)
 J - the +0 hat "Qaceuf" {+Inv rC++ Dex+4 Slay-2}
   (You acquired it on level 2 of the Elven Halls)

   It affects your dexterity (+4).
   It affects your accuracy and damage with ranged weapons and melee attacks
   (-2).
   It greatly protects you from cold.
   It lets you turn invisible.
 K - a scarf of resistance
 L - a +2 hat (worn)
 R - a +1 buckler of fire resistance
 U - a +2 robe of the Archmagi (worn)
Jewellery
 k - a +5 amulet of reflection (around neck)
 n - a ring of protection from fire (right hand)
 T - a ring of stealth (left hand)
Wands
 A - a wand of paralysis (25)
 B - a wand of digging (8)
 C - a wand of acid (2)
 D - a wand of clouds (2)
 E - a wand of flame (31)
 X - a wand of polymorph (5)
 Z - a wand of enslavement (7)
Scrolls
 a - 3 scrolls of identify
 c - 5 scrolls of fog
 e - 3 scrolls of magic mapping
 f - 6 scrolls of teleportation
 h - a scroll of silence
 q - a scroll of holy word
 r - 12 scrolls of remove curse
 y - 2 scrolls of immolation
 F - a scroll of enchant armour
 O - 3 scrolls of amnesia
 P - a scroll of fear
 Q - 3 scrolls of enchant weapon
Potions
 b - 2 potions of heal wounds
 g - 2 potions of berserk rage
 i - 2 potions of flight
 s - 2 potions of curing
 u - 6 potions of magic
 v - 3 potions of might
 M - 2 potions of brilliance
 S - a potion of resistance {unknown}
 Y - a potion of haste
Comestibles
 d - 13 rations


   Skills:
 - Level 11.0(10.8) Fighting
 - Level 8.0(7.8) Short Blades
 + Level 15.1(14.9) Crossbows
 - Level 3.0(2.8) Dodging
 - Level 13.0(12.8) Stealth
 - Level 12.5(12.3) Spellcasting
 - Level 14.3(14.1) Hexes
 - Level 8.4(8.2) Necromancy
 - Level 11.7(11.5) Invocations
 - Level 12.8(12.6) Evocations


You had 9 spell levels left.
You knew the following spells:

 Your Spells              Type           Power        Failure   Level  Hunger
a - Corona                Hex            #######      0%          1    None
b - Ensorcelled Hibernat  Hex/Ice        ######       1%          2    None
c - Dazzling Spray        Conj/Hex       ######       1%          3    None
d - Confuse               Hex            #######.     1%          3    None
e - Call Imp              Summ           ###.....     7%          2    None
f - Invisibility          Hex            #######.     1%          6    #####..
g - Animate Dead          Necr           N/A          1%          4    None
h - Vampiric Draining     Necr           ######....   1%          3    None
i - Summon Mana Viper     Hex/Summ       ######..     7%          5    ###....
j - Regeneration          Chrm/Necr      #####.....   2%          3    None

Your spell library contained the following spells:

 Spells                   Type           Power        Failure   Level  Hunger
 Animate Skeleton         Necr           N/A          1%          1    None
 Pain                     Necr           ####         1%          1    None
 Slow                     Hex            #######.     1%          2    None
 Summon Guardian Golem    Hex/Summ       ######..     1%          3    None
 Tukima's Dance           Hex            #######.     1%          3    None
 Fulminant Prism          Conj/Hex       ######....   2%          4    None
 Apportation              Tloc           ###...       4%          1    None
 Beastly Appendage        Tmut           ###...       4%          1    None
 Magic Dart               Conj           ###.         4%          1    None
 Sandblast                Erth           ###...       4%          1    None
 Shock                    Conj/Air       ###.         4%          1    None
 Sting                    Conj/Pois      ###.         4%          1    None
 Summon Butterflies       Summ           ###.....     4%          1    None
 Summon Small Mammal      Summ           ###.         4%          1    None
 Blink                    Tloc           N/A          7%          2    None
 Passwall                 Tmut/Erth      ###.....     7%          2    None
 Poisonous Vapours        Pois/Air       ###...       7%          2    None
 Searing Ray              Conj           ###...       7%          2    None
 Sticks to Snakes         Tmut           ###.....     7%          2    None
 Metabolic Englaciation   Hex/Ice        ######....   7%          5    ###....
 Call Canine Familiar     Summ           ###.....     14%         3    None
 Conjure Flame            Conj/Fire      ###.....     14%         3    None
 Lesser Beckoning         Tloc           ###.......   14%         3    None
 Mephitic Cloud           Conj/Pois/Air  ###.....     14%         3    None
 Recall                   Summ/Tloc      N/A          14%         3    None
 Spider Form              Tmut/Pois      ###.......   14%         3    None
 Stone Arrow              Conj/Erth      ###...       14%         3    None
 Bolt of Draining         Conj/Necr      #####.....   22%         5    ###....
 Force Lance              Conj/Tloc      ###.....     41%         4    None
 Ice Form                 Ice/Tmut       ###.....     41%         4    None
 Iskenderun's Mystic Bla  Conj           ###.....     41%         4    None
 Petrify                  Tmut/Erth      ###.....     41%         4    None
 Summon Ice Beast         Ice/Summ       ###.....     41%         4    None
 Summon Lightning Spire   Summ/Air       ###.....     41%         4    None
 Alistair's Intoxication  Tmut/Pois      ###.....     77%         5    ###....
 Aura of Abjuration       Summ           ###.......   77%         5    ###....
 Blade Hands              Tmut           ###.......   77%         5    ###....
 Lee's Rapid Deconstruct  Erth           ###.......   77%         5    ###....
 Summon Demon             Summ           ###.......   77%         5    ###....
 Summon Forest            Summ/Tloc      ###.......   77%         5    ###....
 Simulacrum               Ice/Necr       #####.....   77%         6    #####..
 Bolt of Cold             Conj/Ice       ###.......   100%        6    #####..
 Freezing Cloud           Conj/Ice/Air   ###.......   100%        6    #####..
 Ozocubu's Refrigeration  Ice            ###.......   100%        6    #####..
 Shadow Creatures         Summ           N/A          100%        6    #####..
 Ring of Flames           Chrm/Fire      ###.......   100%        7    ######.


Dungeon Overview and Level Annotations

Branches:
Dungeon (15/15)            Temple (1/1) D:7            Lair (6/6) D:9
  Swamp (0/4) Lair:3       Spider (0/4) Lair:2        Slime (0/5) Lair:6
    Orc (2/2) D:9             Elf (3/3) Orc:2        Vaults (0/5) D:14
 Depths (0/5) D:15

Altars:
Ashenzari
Cheibriados
Dithmenos
Elyvilon
Fedhas
Gozag
Hepliaklqana
Kikubaaqudgha
Makhleb
Nemelex Xobeh
Okawaru
Qazlal
Ru
Sif Muna
Trog
Uskayaw
Vehumet
Wu Jian
Xom
Yredelemnul
Zin
The Shining One
Beogh
Jiyva

Shops:
D:6 }   D:8 *   Orc:1 (   Orc:2 ??(:%   Elf:3 :

Portals:
Pandemonium: Orc:2


Innate Abilities, Weirdness & Mutations

You are very small and have problems with some larger weapons.
You are too small for most types of armour.
You have supernaturally acute eyesight. (SInv)
You are a herbivore.
You cover ground extremely quickly.
You need to consume almost no food.
You do not regenerate when monsters are visible.
You are weak. (Str -2)


Message History

The deep elf knight is severely wounded.
Firing (i - inventory. (/) - cycle)
m - 393 bolts (quivered)
Press: ? - help, Shift-Dir - straight line, f/p - deep elf knight
Aim: a deep elf knight, wielding a +0 scimitar (severely wounded, fast, slightly transparent)
You shoot a bolt. The bolt misses the deep elf knight.
You see here an arrow.
You see here 2 arrows.
You see here an arrow.
The deep elf knight casts a spell at you.
The shard of ice hits you!!!
* * * LOW HITPOINT WARNING * * *
There is an open door here.
You close the door.
A deep elf knight opens the door.
There is an open door here.
You close the door.
You see here a +0 long sword.
The deep elf knight points at you and mumbles some strange words.
The shard of ice hits you!!!
You die...

...+......##.....#####
#.###.### ##.#......####.###
##+###.# #.#......# #.#
##...##.# # #.#####e## #.#
#.....#.# # ##.......# #.#
#.....#.### #..####..#####.#
#.....(...+ #.## #.....e).#
#.....##### #'##
#.#####.)########.<[..# #
.(.## #.#####...@...<####...#
#
....###.......######.###(...#
# ))(..(..#####'####
#.##.....# #
.[(.##.(###......###.('.....#
#
.(.###(.##........#####(....#
# .[## #(..'........# #(....#
# '## #(###........# ##...##
# .#####.# #.......## ##.## #
....##.###......##
####'#######


You could see a deep elf knight.

Vanquished Creatures
  Rupert (D:15)
  2 deep elf master archers (Elf:3)
  4 deep elf blademasters (Elf:3)
  A deep elf sorcerer (Elf:3)
  5 dire elephants
  4 deep elf annihilators
  Snorg (D:10)
  A deep elf death mage (Elf:3)
  A yaktaur captain (D:14)
  An ogre mage (D:15)
  Josephine (D:10)
  A great orb of eyes (D:15)
  Harold (D:10)
  9 hydras
  3 centaur warriors
  25 dancing weapons
  A catoblepas (D:15)
  An anaconda (Lair:6)
  10 two-headed ogres
  2 death yaks (Lair:4)
  8 orc high priests (Orc:2)
  13 deep elf knights
  A sun demon (Orc:2)
  4 skeletal warriors
  An infernal demonspawn (Orc:2)
  An unseen horror (D:15)
  2 gelid demonspawn (Orc:2)
  12 deep elf archers
  A torturous demonspawn (Orc:2)
  8 orc knights
  61 deep elf magi
  An orb spider (shapeshifter) (Elf:1)
  A manticore (D:14)
  5 orc sorcerers
  2 cyclopes
  A salamander (D:15)
  5 ugly things
  16 elephants
  3 black mambas
  A guardian serpent (D:14)
  2 ice statues (IceCv)
  3 gargoyles
  15 spiny frogs
  A torpor snail (Lair:4)
  3 rime drakes
  A rust devil (Orc:2)
  An efreet (D:13)
  A freezing wraith (D:15)
  A yaktaur (D:14)
  3 kobold demonologists
  A tengu conjurer (D:15)
  11 komodo dragons
  5 ice devils
  10 trolls
  A tyrant leech (Lair:3)
  Prince Ribbit (Lair:2)
  A hornet (D:13)
  16 blink frogs
  4 dream sheep (Lair:5)
  6 hippogriffs
  40 yaks
  A shadow (D:11)
  2 air elementals (Elf:1)
  4 wraiths
  2 basilisks
  4 water elementals
  6 wyverns
  2 fire elementals
  A chaos spawn (Orc:2)
  A neqoxec (Orc:2)
  3 vampire mosquitoes (D:13)
  3 hungry ghosts (D:9)
  A steam dragon (D:12)
  4 wargs
  A swamp worm (Lair:3)
  2 acid dragons
  A soldier ant (D:12)
  A floating eye (shapeshifter) (D:15)
  10 water moccasins
  15 porcupines
  3 black bears
  5 ice beasts
  2 phantoms
  2 sky beasts
  An eye of draining (shapeshifter) (Elf:3)
  37 orc warriors
  2 necrophages
  12 ogres
  7 wolves
  10 centaurs
  9 crocodiles
  17 big kobolds
  18 bullfrogs
  2 wyvern zombies
  A wyvern skeleton (D:7)
  3 earth elementals
  3 scorpions
  8 wights
  9 killer bees
  2 troll zombies (D:9)
  12 electric eels
  3 howler monkeys
  2 crimson imps (D:12)
  3 centaur zombies
  2 jellies
  2 centaur skeletons
  5 hounds
  A quasit (D:8)
  24 orc priests
  Jessica (D:3)
  2 bullfrog skeletons
  6 iguanas
  17 worker ants
  20 orc wizards
  A killer bee zombie (D:5)
  6 ogre zombies (D:9)
  A hound zombie (D:7)
  A hound skeleton (D:8)
  A howler monkey skeleton (D:6)
  14 adders
  2 shadow imps
  6 white imps (IceCv)
  4 ufetubi (IceCv)
  3 adder skeletons
  3 worms
  3 dart slugs
  2 leopard geckos
  85 orcs
  12 giant cockroaches
  18 goblins
  7 hobgoblins
  4 jackals
  25 kobolds
  6 quokkas
  A ball python (D:3)
  10 bats
  4 frilled lizards
  A goblin zombie (D:9)
  2 hobgoblin skeletons (D:9)
  2 hobgoblin zombies (D:9)
  A leopard gecko skeleton (D:5)
  3 orc skeletons (D:9)
  16 orc zombies (D:9)
  7 rats
  A butterfly (Lair:5)
  6 plants
924 creatures vanquished.

Vanquished Creatures (collateral kills)
  2 deep elf sorcerers (Elf:3)
  3 deep elf elementalists (Elf:3)
  2 deep elf demonologists (Elf:3)
  3 deep elf annihilators (Elf:3)
  A deep elf death mage (Elf:3)
  A deep elf high priest (Elf:3)
  A two-headed ogre (D:15)
  4 deep elf magi
  A komodo dragon (D:12)
  A yaktaur (D:14)
  2 hungry ghosts (D:14)
  A water moccasin (D:12)
  2 centaurs (D:12)
  A hound (D:14)
  A hobgoblin zombie (D:9)
  2 kobolds (D:14)
28 creatures vanquished.

Vanquished Creatures (others)
  A reaper (IceCv)
  3 deep elf knights
  An orc wizard (Orc:2)
  An adder (D:11)
  4 white imps (IceCv)
  4 ufetubi (IceCv)
  7 fungi
  7 plants
28 creatures vanquished.

Grand Total: 980 creatures vanquished

Notes
Turn   | Place    | Note
-------+----------+-------------------------------------------
     0 | D:1      | Lysie the Spriggan Enchanter began the quest for the Orb.
     0 | D:1      | Reached XP level 1. HP: 9/9 MP: 5/5
   241 | D:1      | Reached XP level 2. HP: 9/13 MP: 6/6
   289 | D:1      | Learned a level 2 spell: Ensorcelled Hibernation
  1361 | D:1      | Reached XP level 3. HP: 13/16 MP: 8/8
  2466 | D:2      | Found a bloodstained altar of Trog.
  2472 | D:2      | Found a burning altar of Makhleb.
  2517 | D:2      | Reached XP level 4. HP: 21/21 MP: 4/9
  2562 | D:2      | Found a deep blue altar of Sif Muna.
  2673 | D:2      | Learned a level 3 spell: Dazzling Spray
  2699 | D:3      | Found an opulent altar of Gozag.
  2706 | D:3      | Noticed Jessica
  2711 | D:3      | Killed Jessica
  2711 | D:3      | Reached skill level 5 in Short Blades
  3114 | D:3      | Reached XP level 5. HP: 24/24 MP: 10/10
  4106 | D:4      | Noticed an ogre
  4119 | D:4      | Killed an ogre
  4119 | D:4      | Reached XP level 6. HP: 24/28 MP: 8/11
  4552 | D:5      | Entered Level 5 of the Dungeon
  4602 | D:5      | Reached XP level 7. HP: 11/32 MP: 2/12
  5503 | D:5      | Found a basalt altar of Yredelemnul.
  5986 | D:5      | Reached skill level 5 in Spellcasting
  5986 | D:5      | Reached skill level 5 in Hexes
  6164 | D:5      | Found a shadowy altar of Dithmenos.
  6185 | D:5      | Found a glowing golden altar of the Shining One.
  6442 | D:5      | Reached XP level 8. HP: 36/36 MP: 9/17
  6992 | D:6      | Found a sparkling altar of Nemelex Xobeh.
  6993 | D:6      | Found a glowing golden altar of the Shining One.
  7079 | D:6      | Found Bapixt's Gadget Shoppe.
  7850 | D:7      | Found a staircase to the Ecumenical Temple.
  7859 | Temple   | Entered the Ecumenical Temple
  7919 | Temple   | Became a worshipper of Warmaster Okawaru
  8354 | D:7      | Learned a level 3 spell: Confuse
  8526 | D:7      | Learned a level 2 spell: Call Imp
  8718 | D:7      | Reached skill level 5 in Stealth
  8792 | D:7      | Reached skill level 1 in Fighting
  8833 | D:7      | Found a shimmering altar of Xom.
  8838 | D:7      | Reached XP level 9. HP: 36/41 MP: 19/22
  9273 | D:8      | Reached * piety under Okawaru
  9562 | D:8      | Found Navex's General Store.
 10238 | D:8      | Reached skill level 10 in Stealth
 10308 | D:8      | Reached ** piety under Okawaru
 10641 | D:9      | Noticed a two-headed ogre
 10641 | D:9      | Noticed a troll
 11020 | D:9      | Found an ancient bone altar of Kikubaaqudgha.
 11091 | D:9      | Noticed a troll
 11115 | D:9      | Killed a troll
 11145 | D:9      | Reached XP level 10. HP: 35/49 MP: 10/23
 11451 | D:9      | Found a staircase to the Orcish Mines.
 11981 | D:9      | Reached *** piety under Okawaru
 12184 | D:9      | Reached skill level 5 in Fighting
 12187 | D:9      | Found a staircase to the Lair.
 12578 | D:9      | Found a white marble altar of Elyvilon.
 12763 | D:9      | Reached **** piety under Okawaru
 12942 | D:10     | Entered Level 10 of the Dungeon
 12942 | D:10     | Noticed Harold
 12967 | D:10     | Killed Harold
 12967 | D:10     | Reached XP level 11. HP: 36/60 MP: 16/24
 13761 | D:9      | Killed a two-headed ogre
 13869 | D:10     | Noticed Josephine
 14210 | D:10     | You fall through a shaft for 2 floors!
 14222 | D:12     | Found a stormy altar of Qazlal.
 14654 | D:11     | HP: 2/62 [wraith[Josephine] (6)]
 15587 | D:10     | Reached ***** piety under Okawaru
 15755 | D:10     | Noticed Snorg
 15786 | D:10     | Killed Snorg
 16028 | D:10     | Killed Josephine
 16028 | D:10     | Reached skill level 10 in Fighting
 16230 | D:11     | Noticed a green ugly thing
 16235 | D:11     | Noticed a deep elf mage
 16251 | D:11     | Killed a green ugly thing
 16251 | D:11     | Received a gift from Okawaru
 16277 | D:11     | Killed a deep elf mage
 16356 | D:11     | Noticed a two-headed ogre
 16372 | D:11     | Killed a two-headed ogre
 16410 | D:11     | Reached skill level 1 in Evocations
 16538 | D:11     | Found a blossoming altar of Fedhas.
 16850 | D:11     | Reached skill level 5 in Evocations
 17300 | Orc:1    | Entered Level 1 of the Orcish Mines
 17300 | Orc:1    | Found a roughly hewn altar of Beogh.
 17300 | Orc:1    | Found a frozen archway.
 17516 | IceCv    | Entered an ice cave
 17541 | IceCv    | Reached XP level 12. HP: 50/68 MP: 21/25
 18542 | IceCv    | Killed a reaper
 20042 | Orc:2    | Entered Level 2 of the Orcish Mines
 20607 | Orc:2    | Found a staircase to the Elven Halls.
 20763 | Orc:2    | Found Keoskem's Food Shoppe.
 20918 | Orc:2    | Reached skill level 10 in Evocations
 21094 | Orc:2    | Found Hitydiaqui's Magic Scroll Boutique.
 21105 | Orc:2    | Found Titizir's Magic Scroll Shop.
 21690 | Orc:2    | Bought a scroll of identify for 30 gold pieces
 21690 | Orc:2    | Bought a scroll of identify for 30 gold pieces
 21690 | Orc:2    | Bought a scroll of identify for 30 gold pieces
 21690 | Orc:2    | Bought a scroll of identify for 30 gold pieces
 21986 | Orc:2    | Noticed an orc high priest
 22091 | Orc:2    | Noticed an orc high priest
 22195 | Orc:2    | Noticed an orc high priest
 22377 | Orc:2    | Received a gift from Okawaru
 22377 | Orc:2    | Reached skill level 2 in Crossbows
 22380 | Orc:2    | Got a bone dagger {god gift}
 22388 | Orc:2    | Bought a scroll of identify for 36 gold pieces
 22388 | Orc:2    | Bought a scroll of identify for 36 gold pieces
 22388 | Orc:2    | Bought a scroll of identify for 36 gold pieces
 22388 | Orc:2    | Bought a scroll of identify for 36 gold pieces
 22388 | Orc:2    | Identified the +8 dagger of Megalomania {drain, Stlth+}
                  | (Okawaru gifted it to you on level 2 of the Orcish Mines)
 22411 | Orc:2    | Noticed an orc high priest
 22436 | Orc:2    | Killed an orc high priest
 22436 | Orc:2    | Reached skill level 3 in Crossbows
 22437 | Orc:2    | Noticed an orc high priest
 22503 | Orc:2    | Killed an orc high priest
 22503 | Orc:2    | Reached skill level 4 in Crossbows
 22667 | Orc:2    | Killed an orc high priest
 22677 | Orc:2    | Killed an orc high priest
 22677 | Orc:2    | Reached skill level 5 in Crossbows
 22677 | Orc:2    | Reached XP level 13. HP: 56/74 MP: 3/26
 22976 | Orc:2    | Received a gift from Okawaru
 22976 | Orc:2    | Reached skill level 6 in Crossbows
 23202 | Orc:2    | Reached skill level 7 in Crossbows
 23278 | Orc:2    | Received a gift from Okawaru
 23316 | Orc:2    | Found Seipec's Book Emporium.
 23316 | Orc:2    | Found a one-way gate leading to the halls of Pandemonium.
 23316 | Orc:2    | Found Suadghykly's Antique Weapon Shoppe.
 23484 | Orc:1    | Reached skill level 8 in Crossbows
 23560 | Orc:1    | Received a gift from Okawaru
 23992 | Orc:1    | Found Kesmomy's Antique Weapon Emporium.
 24106 | Orc:2    | Reached XP level 14. HP: 79/79 MP: 26/28
 24128 | Orc:2    | Reached skill level 9 in Crossbows
 24406 | Lair:1   | Entered Level 1 of the Lair of Beasts
 25180 | Lair:1   | You fall through a shaft!
 25186 | Lair:2   | Reached skill level 10 in Crossbows
 25203 | Lair:2   | Noticed Prince Ribbit
 25211 | Lair:2   | Killed Prince Ribbit
 25305 | Lair:2   | Found a hole to the Spider Nest.
 25394 | Lair:2   | Reached skill level 10 in Hexes
 25481 | Lair:2   | Reached skill level 10 in Spellcasting
 25598 | Lair:1   | Identified a scroll of acquirement
 26212 | Lair:2   | Received a gift from Okawaru
 26215 | Lair:2   | Got an iridescent quarterstaff {god gift}
 26216 | Lair:2   | Identified the +7 quarterstaff of Woe {speed, rElec SInv}
                  | (Okawaru gifted it to you on level 2 of the Lair of Beasts)
 26267 | Lair:2   | Reached ****** piety under Okawaru
 26949 | Lair:3   | Received a gift from Okawaru
 26992 | Lair:3   | Learned a level 6 spell: Invisibility
 27085 | Lair:3   | Reached XP level 15. HP: 42/82 MP: 15/31
 27358 | Lair:3   | Received a gift from Okawaru
 27361 | Lair:3   | Got a dazzling quick blade {god gift}
 27364 | Lair:3   | Identified the +4 quick blade "Xies" {freeze, Str+4 Int+4}
                  | (Okawaru gifted it to you on level 3 of the Lair of Beasts)
 27963 | Lair:3   | Found a staircase to the Swamp.
 28188 | Lair:4   | Learned a level 4 spell: Animate Dead
 28326 | Lair:4   | You fall through a shaft for 2 floors!
 28326 | Lair:6   | Entered Level 6 of the Lair of Beasts
 28339 | Lair:6   | Reached skill level 1 in Necromancy
 28573 | Lair:4   | Got a translucent rapier
 28628 | Lair:4   | Learned a level 3 spell: Vampiric Draining
 28788 | Lair:4   | Received a gift from Okawaru
 29232 | Lair:4   | Received a gift from Okawaru
 29232 | Lair:4   | Reached skill level 5 in Necromancy
 30088 | Lair:6   | Identified the cursed +0 rapier of the Dwarven Hall
                  | {pierce, Int+6} (You found it on level 4 of the Lair of
                  | Beasts)
 30208 | Lair:6   | Found a viscous altar of Jiyva.
 30208 | Lair:6   | Found a staircase to the Slime Pits.
 31145 | Lair:6   | Gained mutation: You do not regenerate when monsters are
                  | visible. [mutagenic glow]
 31194 | Lair:6   | Gained mutation: You are weak. (Str -2) [mutagenic glow]
 32538 | D:13     | Received a gift from Okawaru
 32851 | D:13     | Reached skill level 11 in Crossbows
 33102 | D:14     | Found a flagged portal.
 33115 | Bailey   | Entered a bailey
 33528 | D:14     | Found a gate to the Vaults.
 33693 | D:14     | Reached skill level 12 in Crossbows
 33731 | D:14     | Found a glowing silver altar of Zin.
 33799 | D:14     | Reached XP level 16. HP: 87/87 MP: 33/33
 33887 | D:14     | Found a deep blue altar of Sif Muna.
 34192 | D:15     | Entered Level 15 of the Dungeon
 34198 | D:15     | Noticed Rupert
 35313 | D:15     | Paralysed by Rupert for 4 turns
 35335 | D:15     | Killed Rupert
 35484 | D:15     | Received a gift from Okawaru
 35500 | D:15     | Found a staircase to the Depths.
 35568 | D:15     | Reached skill level 1 in Invocations
 36217 | Elf:1    | Entered Level 1 of the Elven Halls
 36471 | Elf:1    | Reached skill level 5 in Invocations
 36621 | Elf:1    | Received a gift from Okawaru
 36715 | Elf:1    | You fall through a shaft!
 36851 | Elf:1    | Received a gift from Okawaru
 37218 | Elf:1    | Identified the Volume of Conjuration
 37930 | Elf:2    | Received a gift from Okawaru
 38227 | Elf:2    | Got a scorched hat
 38249 | Elf:1    | Identified the +0 hat "Qaceuf" {+Inv rC++ Dex+4 Slay-2}
                  | (You acquired it on level 2 of the Elven Halls)
 38264 | Elf:1    | Got a brightly glowing buckler
 38275 | Elf:1    | Identified the +0 buckler "Ackuwol" {rElec Str+7 Int-2
                  | Slay-3} (You acquired it on level 1 of the Elven Halls)
 38457 | Elf:2    | Found a huge runed translucent gate.
 38457 | Elf:2    | Found a huge runed translucent gate.
 38457 | Elf:2    | Found a huge runed translucent gate.
 38457 | Elf:2    | Found a huge runed translucent gate.
 38457 | Elf:2    | Found a huge runed translucent gate.
 39026 | Elf:2    | Reached skill level 10 in Invocations
 39033 | Elf:2    | Received a gift from Okawaru
 39052 | Elf:2    | Reached XP level 17. HP: 86/91 MP: 27/34
 39729 | Elf:3    | Entered Level 3 of the Elven Halls
 40752 | Elf:3    | Found Osmolum's One-of-a-Kind Books.
 41261 | Elf:3    | Received a gift from Okawaru
 41778 | Elf:3    | Reached skill level 13 in Crossbows
 41842 | Elf:3    | Noticed a deep elf blademaster
 42204 | Elf:3    | Noticed a deep elf blademaster
 43115 | Elf:3    | Killed a deep elf blademaster
 43908 | Elf:3    | Learned a level 5 spell: Summon Mana Viper
 43998 | Elf:3    | Noticed a deep elf master archer
 44263 | Elf:3    | Learned a level 3 spell: Regeneration
 44566 | Elf:3    | Reached skill level 14 in Crossbows
 44584 | Elf:3    | Killed a deep elf blademaster
 44598 | Elf:3    | Noticed a deep elf master archer
 44636 | Elf:3    | Killed a deep elf master archer
 44645 | Elf:3    | Identified the +10 halberd of Instant Death {flame, rN++
                  | Dex+9}
 44835 | Elf:3    | Identified the +5 broad axe of Expedience {elec, Str+7
                  | Dex-4}
 45042 | Elf:3    | Noticed a deep elf blademaster
 45049 | Elf:3    | Identified the cursed +0 short sword "Sozel" {venom,
                  | *Contam +Inv rF+}
 45597 | Elf:3    | Identified the +6 great sword of Peipruusk {slice, Str+4
                  | Int+3}
 45642 | Elf:3    | Noticed a deep elf blademaster
 46030 | Elf:3    | Killed a deep elf blademaster
 46506 | Elf:3    | Received a gift from Okawaru
 46814 | Elf:3    | Killed a deep elf blademaster
 47213 | Elf:3    | Killed a deep elf master archer
 47213 | Elf:3    | Reached skill level 15 in Crossbows
 47411 | Elf:3    | Identified the +9 hand axe "Hellblazer" {drain, *Rage Int+5
                  | Dex+3}
 47746 | Elf:3    | Killed from afar by a deep elf knight

Skill      XL: |  1  2  3  4  5  6  7  8  9 10 11 12 13 14 15 16 17 |
---------------+----------------------------------------------------+-----
Short Blades   | 2 3 4 5 7 8 |  8.0
Spellcasting   | 3 5 8 9 11 12 | 12.5
Hexes          | 6 8 9 11 12 14 | 14.3
Stealth        | 5 11 13 | 13.0
Fighting       | 1 4 8 11 | 11.0
Evocations     | 5 12 | 12.8
Crossbows      | 5 8 10 12 15 | 15.1
Necromancy     | 8 |  8.4
Invocations    | 10 11 | 11.7
Dodging        | |  3.0

Action                   |  1- 3 |  4- 6 |  7- 9 | 10-12 | 13-15 | 16-18 || total
-------------------------+-------+-------+-------+-------+-------+-------++-------
Melee: Dagger            |   173 |       |       |   236 |   439 |       ||   848
       Short sword       |    14 |   102 |   249 |   745 |       |       ||  1110
       Quick blade       |       |       |       |       |   791 |   938 ||  1729
       Punch             |       |       |       |       |       |     1 ||     1
 Fire: Arbalest          |       |       |       |       |    17 |       ||    17
       Hand crossbow     |       |       |       |       |     4 |       ||     4
       Triple crossbow   |       |       |       |       |       |    23 ||    23
Throw: Throwing net      |       |       |       |     1 |       |     1 ||     2
 Cast: Ensorcelled Hiber |    19 |    17 |    81 |   105 |   186 |    29 ||   437
       Dazzling Spray    |       |     1 |    24 |    49 |    53 |    14 ||   141
       Call Imp          |       |       |     4 |       |       |       ||     4
       Confuse           |       |       |    14 |   159 |   121 |    63 ||   357
       Invisibility      |       |       |       |       |     4 |    31 ||    35
       Animate Dead      |       |       |       |       |     9 |    14 ||    23
       Vampiric Draining |       |       |       |       |     7 |       ||     7
       Summon Mana Viper |       |       |       |       |       |    45 ||    45
       Regeneration      |       |       |       |       |       |     4 ||     4
Invok: Heroism           |       |       |     1 |     8 |     4 |     8 ||    21
       Finesse           |       |       |       |       |       |     2 ||     2
Evoke: Wand              |       |       |       |     1 |    12 |     8 ||    21
  Use: Scroll            |     7 |       |     8 |    22 |    11 |    14 ||    62
       Potion            |       |       |       |     3 |     3 |     3 ||     9
 Stab: Sleeping          |    20 |    19 |    57 |    71 |   148 |    53 ||   368
       Distracted        |       |     1 |       |     3 |     4 |     1 ||     9
       Invisible         |       |       |     2 |    16 |    44 |   133 ||   195
       Confused          |       |       |    13 |    89 |    71 |    34 ||   207
       Petrified         |       |       |       |       |       |     3 ||     3
       Held in net/web   |       |       |       |       |       |     1 ||     1
  Eat: Ration            |       |     2 |     3 |     8 |     6 |    13 ||    32
Armor: Robe              |    19 |     7 |     9 |    22 |       |     9 ||    66
       Troll leather arm |       |       |       |    27 |   175 |    30 ||   232
Dodge: Dodged            |   138 |    74 |   151 |   503 |   569 |   219 ||  1654
       Deflected         |       |       |       |       |     4 |     3 ||     7
Block: Buckler           |       |       |       |       |    56 |    72 ||   128
       Other             |       |       |       |       |       |    17 ||    17
       Reflection        |       |       |       |       |       |     5 ||     5
